 Dungeon Sprint DCSS version 0.31-a0-920-g28cbb04a8c (webtiles) character file.

Game seed: 12480119936086212616

175 sircluck the Ruffian (level 5, -8/59 HPs)
             Began as a Troll Berserker on Oct 17, 2023.
             Was a Follower of Trog.
             Mangled by a vampire knight
             ... wielding a +0 long sword
              (27 damage)
             ... in the Dungeon (Sprint VII: "The Pits").
             The game lasted 00:00:25 (93 turns).

sircluck the Ruffian (Troll Berserker)                Turns: 93, Time: 00:00:27

Health: -8/59      AC:  4    Str: 27    XL:     5   Next: 29%
Magic:  4/4        EV: 11    Int:  3    God:    Trog [*.....]
Gold:   0          SH:  0    Dex:  9    Spells: 4/4 levels left

rFire   . .          .
                       - Unarmed
rCold   . . .        (no shield)
rNeg    . . .        a - +0 animal skin
rPois   .            (helmet restricted)
rElec   .            (no cloak)
rCorr   .            (gloves unavailable)
SInv    .            (boots unavailable)
Will    .....        (no amulet)
Stlth   +            (no ring)
HPRegen 1.09/turn    (no ring)
MPRegen 0.09/turn

%: no teleportation
@: confused, on berserk cooldown, slowed, very slow
A: large, unfitting armour, claws 3, regeneration 1, shaggy fur 1, tough skin 1
a: Renounce Religion, Berserk


You were in the Dungeon.
You worshipped Trog.
Trog was aware of your devotion.
You visited 1 branch

Inventory:

Armour
 a - a +0 animal skin (worn)
Wands
 h - a wand of iceblast (5)
Scrolls
 g - a scroll of blinking
Potions
 b - a potion of curing
 c - a potion of heal wounds
 d - a potion of haste
 e - 2 potions of magic
 f - a potion of berserk rage


   Skills:
 + Level 5.8 Fighting
 + Level 5.7 Dodging
 + Level 6.9 Unarmed Combat


You had 4 spell levels left.
You didn't know any spells.
Your spell library was empty.

Dungeon Overview and Level Annotations

Branches:
Dungeon (1/1)

Altars:


Innate Abilities, Weirdness & Mutations

You are too large for most types of armour.
You have claws for hands.
Your natural rate of healing is unusually fast.
You are covered in fur. (AC +1)
You have tough skin. (AC +1)


Message History

The vampire knight hits you with a +0 long sword!
The vampire knight bites you!
The vampire knight draws strength from your injuries!
You claw the vampire knight!
The vampire knight is moderately damaged.
You are engulfed in noxious fumes.
You choke on the stench!
You are confused.
You're too confused to move!
You are engulfed in noxious fumes.
You choke on the stench!
You are more confused.
The vampire knight hits you with a +0 long sword.
The vampire knight barely misses you.
You bump into the metal wall.
You feel a strong urge to attack something.
You are engulfed in noxious fumes.
The swamp drake breathes poison at you. The noxious blast misses you.
The vampire knight hits you with a +0 long sword!!
The vampire knight misses you.
Unknown command.
You are engulfed in noxious fumes.
You choke on the stench!
You are more confused.
You bump into the metal wall.
You feel your anger nearly subside.
You are no longer berserk.
You are exhausted.
You feel yourself slow down. The swamp drake barely misses you.
The vampire knight barely misses you. The vampire knight bites you.
The vampire knight draws strength from your injuries!
You mangle the swamp drake!!
The swamp drake is severely wounded.
The vampire knight barely misses you.
The vampire knight bites you but does no damage.
The swamp drake barely misses you.
You mangle the swamp drake!!
You kill the swamp drake!
Trog accepts your kill. The vampire knight closely misses you.
The vampire knight bites you!
The vampire knight draws strength from your injuries!
The vampire knight hits you with a +0 long sword!!
You die...

#...†............#
####'#####''######
#.......##''#####
#.......##......#
#.......##....###
#...<...##...##
#.......##..##
#.......##..#
#.......##.@#
##########V†+ #..#
#..# #..# #...
#.... #.... ######


You could see a vampire knight.

Vanquished Creatures
  A wyvern (D)
  A swamp drake (D)
  Ijyb (D)
3 creatures vanquished.

Notes
Turn   | Place    | Note
-------+----------+-------------------------------------------
     0 | D        | sircluck the Troll Berserker began the quest for the Orb.
     0 | D        | Reached XP level 1. HP: 22/22 MP: 0/0
    11 | D        | Noticed Ijyb
    11 | D        | Noticed a wyvern
    24 | D        | Killed a wyvern
    25 | D        | Reached skill level 5 in Fighting
    25 | D        | Reached skill level 5 in Dodging
    25 | D        | Reached skill level 6 in Unarmed Combat
    25 | D        | Reached XP level 2. HP: 11/35 MP: 1/1
    25 | D        | Reached XP level 3. HP: 14/42 MP: 2/2
    25 | D        | Reached XP level 4. HP: 17/50 MP: 3/3
    25 | D        | Reached XP level 5. HP: 19/57 MP: 4/4
    27 | D        | Killed Ijyb
    78 | D        | Noticed a vampire knight
    79 | D        | Paralysed by a vampire knight for 4 turns
    80 | D        | Noticed a swamp drake
    93 | D        | Killed a swamp drake
    93 | D        | Mangled by a vampire knight

Illustrated notes

Levels and vault maps discovered:
D:        pitsprint [storerooms_1, entrance_room_1, metal_vault_6, armoury_1,
          mini_pit_1, grid_room_1, main_hall_1, silver_pit, the_coven_1,
          the_vestibule_1, steel_vault_4, golden_pit, hallway_of_sentries,
          crystal_vault_5, iron_vault_2, final_vault]

Skill      XL: |  1 |
---------------+----+-----
Fighting       | 5 |  5.8
Dodging        | 5 |  5.7
Unarmed Combat | 6 |  6.9

Action                     |  1- 3 |  4- 6 || total
---------------------------+-------+-------++-------
  Melee: Unarmed           |     4 |     8 ||    12
 Invoke: Berserk           |     1 |     1 ||     2
 Armour: Animal skin       |     5 |     9 ||    14
  Dodge: Dodged            |     3 |     8 ||    11

Table legend: (Time is in decaauts)
 A = Elapsed time spent in this place.
 B = Non-inter-level travel time spent in this place.
 C = Inter-level travel time spent in this place.
 D = Time resting spent in this place.
 E = Time spent auto-exploring this place.
 F = Levels seen in this place.
 G = Mean time per level.
                   A        B        C        D        E       F      G
               +--------+--------+--------+--------+--------+-----+--------+
         Total |     97 |     97 |      0 |     37 |     11 |   1 |   97.0 |
       Dungeon |     97 |     97 |      0 |     37 |     11 |   1 |   97.0 |
               +--------+--------+--------+--------+--------+-----+--------+

Top non-repeatable levels by time:
       D: 97 daAuts
